 Dungeon Crawl Stone Soup version 0.25-a0-424-g80bd347ae0 (console) character file.

Game seed: 693411326524297273, levelgen mode: deterministic

236819 Kagalorn the Blocker (level 19, -4/140 HPs)
             Began as a Human Air Elementalist on Jan 18, 2020.
             Was the Champion of Qazlal.
             Slain by a vault warden
             ... wielding a +0 battleaxe
              (17 damage)
             ... on level 2 of the Vaults on Jan 20, 2020.
             The game lasted 04:26:10 (55956 turns).

Kagalorn the Blocker (Human Air Elementalist)      Turns: 55956, Time: 04:26:11

Health: -4/140     AC: 13    Str:  9    XL:     19   Next: 98%
Magic:  3/37       EV: 17    Int: 26    God:    Qazlal [******]
Gold:   1359       SH: 23    Dex: 13    Spells: 8/46 levels left

rFire    . . .     SeeInvis +   a - +7 flail "Riepaj" {drain, +Rage Int+4}
rCold    . . .     Gourm    .   d - +0 buckler
rNeg     . . .     Faith    .   G - +1 robe "Nolacug" {Regen+ Dex-2 Slay+5 Stlth+}
rPois    +         Spirit   .   u - +1 helmet
rElec    .         Reflect  +   f - +2 cloak
rCorr    .         Harm     .   (no gloves)
MR       +....                  s - +0 pair of boots
Stlth    +.........             K - brooch of Shielding {Reflect SH+8}
HPRegen  0.73/turn              P - ring of see invisible
MPRegen  0.25/turn              g - ring of poison resistance

@: marked, protected from physical damage, repel missiles
A: no striking features
}: 2/15 runes: decaying, gossamer
a: Upheaval, Elemental Force, Disaster Area, Renounce Religion, Evoke Berserk
Rage


You were on level 2 of the Vaults.
You worshipped Qazlal.
Qazlal was exalted by your worship.
You were very hungry.

You visited 7 branches of the dungeon, and saw 34 of its levels.
You visited 1 bazaar.
You also visited: Ossuary.

You collected 3858 gold pieces.
You spent 2499 gold pieces at shops.

Inventory:

Hand Weapons
 a - the +7 flail "Riepaj" (weapon) {drain, +Rage Int+4}
   (You found it on level 4 of the Lair of Beasts)

   A truly terrible weapon, it drains the life of those it strikes.
   It affects your intelligence (+4).
   It lets you go berserk.
 b - a +0 lajatang
Armour
 d - a +0 buckler (worn)
 f - a +2 cloak (worn)
 q - a scarf of resistance
 s - a +0 pair of boots (worn)
 u - a +1 helmet (worn)
 G - the +1 robe "Nolacug" (worn) {Regen+ Dex-2 Slay+5 Stlth+}
   (You bought it in a shop in a bazaar)

   It affects your dexterity (-2).
   It affects your accuracy and damage with ranged weapons and melee attacks
   (+5).
   It increases your rate of regeneration.
   It makes you more stealthy.
 N - a +0 robe of resistance
Jewellery
 g - a ring of poison resistance (right hand)
 r - the ring of Nibb {rF- rC+ MP+9 Slay+5}
   (You found it on level 2 of the Swamp)

   [ring of protection from cold]

   It affects your accuracy and damage with ranged weapons and melee attacks
   (+5).
   It makes you vulnerable to fire.
   It protects you from cold.
   It affects your magic capacity (+9).
 B - a +3 ring of protection
 E - an uncursed ring of resist corrosion
 K - the brooch of Shielding (around neck) {Reflect SH+8}
   (You found it on level 6 of the Lair of Beasts)

   [amulet of reflection]

   It shields you and reflects attacks.
   It affects your SH (+8).
 O - an uncursed ring of fire
 P - a ring of see invisible (left hand)
 W - an uncursed ring of wizardry
Wands
 h - a wand of enslavement (6)
 D - a wand of paralysis (10)
 H - a wand of digging (12)
 I - a wand of clouds (5)
 R - a wand of acid (18)
 Y - a wand of iceblast (13)
Scrolls
 e - 5 scrolls of fog
 j - a scroll of teleportation
 l - 16 scrolls of remove curse
 o - 6 scrolls of magic mapping
 p - 8 scrolls of enchant weapon
 v - 2 scrolls of fear
 y - a scroll of blinking
 S - 2 scrolls of enchant armour
 T - 3 scrolls of amnesia
 U - a scroll of identify
 X - 2 scrolls of silence
Potions
 i - 3 potions of haste
 k - 3 potions of mutation
 m - 2 potions of berserk rage
 n - 5 potions of curing
 t - 2 potions of agility
 x - 6 potions of ambrosia
 z - 3 potions of heal wounds
 A - 3 potions of resistance
 C - 2 potions of brilliance
 F - a potion of might
 J - a potion of magic
 M - 2 potions of cancellation
 Q - 6 potions of lignification
 V - 2 potions of invisibility
 Z - 3 potions of flight
Miscellaneous
 w - a box of beasts
Comestibles
 c - 31 rations


   Skills:
 - Level 10.0 Fighting
 * Level 11.0 Staves
 * Level 4.8 Armour
 * Level 8.4 Dodging
 - Level 2.0 Stealth
 + Level 14.3 Shields
 - Level 14.0 Spellcasting
 - Level 8.0 Conjurations
 * Level 4.6 Hexes
 - Level 3.0 Charms
 - Level 3.0 Summonings
 - Level 3.0 Translocations
 * Level 4.7 Transmutations
   Level 3.0 Fire Magic
 * Level 5.7 Ice Magic
 - Level 12.0 Air Magic
 * Level 4.5 Earth Magic
 - Level 3.0 Poison Magic
 - Level 12.0 Invocations


You had 8 spell levels left.
You knew the following spells:

 Your Spells              Type           Power        Failure   Level  Hunger
a - Shock                 Conj/Air       ####         1%          1    None
b - Airstrike             Air            ######....   1%          4    None
c - Lightning Bolt        Conj/Air       ######....   1%          5    ##.....
d - Summon Lightning Spi  Summ/Air       ######..     1%          4    None
e - Summon Mana Viper     Hex/Summ       #####...     19%         5    ##.....
f - Freezing Cloud        Conj/Ice/Air   ######....   14%         6    ####...
g - Swiftness             Chrm/Air       ######..     1%          2    None
h - Blink                 Tloc           N/A          1%          2    None
i - Mephitic Cloud        Conj/Pois/Air  ######..     1%          3    None
j - Statue Form           Tmut/Erth      #####....    56%         6    ####...

Your spell library contained the following spells:

 Spells                   Type           Power        Failure   Level  Hunger
 Apportation              Tloc           ####..       1%          1    None
 Beastly Appendage        Tmut           #####.       1%          1    None
 Corona                   Hex            #####..      1%          1    None
 Magic Dart               Conj           ####         1%          1    None
 Summon Small Mammal      Summ           ####         1%          1    None
 Call Imp                 Summ           ####....     1%          2    None
 Ensorcelled Hibernation  Hex/Ice        #####.       1%          2    None
 Searing Ray              Conj           ######       1%          2    None
 Slow                     Hex            #####...     1%          2    None
 Sticks to Snakes         Tmut           #####...     1%          2    None
 Confusing Touch          Hex            #####...     1%          3    None
 Conjure Flame            Conj/Fire      #####...     1%          3    None
 Spider Form              Tmut/Pois      #####.....   1%          3    None
 Static Discharge         Conj/Air       ######..     1%          3    None
 Stone Arrow              Conj/Erth      ######       1%          3    None
 Summon Guardian Golem    Hex/Summ       #####...     1%          3    None
 Call Canine Familiar     Summ           ####....     2%          3    None
 Gell's Gravitas          Tloc           ####......   2%          3    None
 Ignite Poison            Fire/Tmut/Pois #####...     2%          3    None
 Recall                   Summ/Tloc      N/A          2%          3    None
 Animate Skeleton         Necr           N/A          3%          1    None
 Pain                     Necr           ###.         3%          1    None
 Ice Form                 Ice/Tmut       #####...     3%          4    None
 Sticky Flame             Conj/Fire      #####...     3%          4    None
 Petrify                  Tmut/Erth      #####...     4%          4    None
 Summon Ice Beast         Ice/Summ       #####...     4%          4    None
 Vampiric Draining        Necr           ###.......   9%          3    None
 Fireball                 Conj/Fire      #####.....   9%          5    ##.....
 Metabolic Englaciation   Hex/Ice        #####.....   10%         5    ##.....
 Blade Hands              Tmut           #####.....   12%         5    ##.....
 Yara's Violent Unravell  Hex/Tmut       #####.....   12%         5    ##.....
 Deflect Missiles         Chrm/Air       ######....   22%         6    ####...
 Aura of Abjuration       Summ           ####......   24%         5    ##.....
 Summon Demon             Summ           ####......   24%         5    ##.....
 Summon Forest            Summ/Tloc      ####......   24%         5    ##.....
 Animate Dead             Necr           N/A          30%         4    None
 Starburst                Conj/Fire      #####.....   43%         6    ####...
 Agony                    Necr           ###.....     63%         5    ##.....
 Orb of Destruction       Conj           ######....   67%         7    ######.
 Shadow Creatures         Summ           N/A          80%         6    ####...
 Spellforged Servitor     Conj/Summ      #####.....   95%         7    ######.
 Ring of Flames           Chrm/Fire      ####......   100%        7    ######.
 Ignition                 Fire           ####......   100%        8    #######


Dungeon Overview and Level Annotations

Branches:
Dungeon (15/15)            Temple (1/1) D:7            Lair (6/6) D:8
  Swamp (4/4) Lair:4       Spider (4/4) Lair:4        Slime (0/5) Lair:6
    Orc (2/2) D:10            Elf (0/3) Orc:2        Vaults (2/5) D:14
 Depths (0/5) D:15        Ossuary (visited)
  Crypt: Vaults:2-3

Altars:
Ashenzari
Cheibriados
Dithmenos
Elyvilon
Fedhas
Gozag
Hepliaklqana
Kikubaaqudgha
Makhleb
Nemelex Xobeh
Okawaru
Qazlal
Ru
Sif Muna
Trog
Uskayaw
Vehumet
Wu Jian
Xom
Yredelemnul
Zin
The Shining One
Beogh
Jiyva
Lugonu

Shops:
D:5 *=   D:7 [   D:10 ?   Orc:2 ?:?!

Annotations:
D:12 2 transporters, walterwhite's ghost, journeyman MiBe
D:13 1 runed translucent door
Vaults:2 Mennas


Message History

The vault warden is heavily wounded.
Your protection from physical attacks is fading.
The great orb of eyes is engulfed in freezing vapours.
You block the vault warden's attack.
You sock the vault warden! You drain the vault warden.
The vault warden is severely wounded.
The great orb of eyes is engulfed in freezing vapours.
You block the great orb of eyes's attack.
You thump the vault warden! You drain the vault warden.
The vault warden is almost dead.
The vault warden hits you with a +0 battleaxe!!
* * * LOW HITPOINT WARNING * * *
The great orb of eyes is engulfed in freezing vapours.
You block the great orb of eyes's attack.
You closely miss the vault warden.
The vault warden is almost dead.
The great orb of eyes is engulfed in freezing vapours.
You block the great orb of eyes's attack.
The vault warden hits you with a +0 battleaxe!
You die...

#..# ...
...
#####+##
#...((.#
#..§.(.#
#.§.§..#
#.§§§.°#
#.§§pG.#
#..☼@..#
#..○☼§.#
#.§.(☼.#
#..(...#
#...(..#
########


You could see a vault warden and a great orb of eyes.

Vanquished Creatures
  Jorgrun (Swamp:3)
  Kirke (D:12)
  2 orc warlords (Orc:1)
  2 thorn hunters (Swamp:4)
  5 ghost moths
  3 emperor scorpions
  Aizul (Spider:3)
  3 ironheart preservers
  Nessos (D:13)
  4 entropy weavers
  A deep elf death mage (Vaults:1)
  4 yaktaur captains (Vaults:1)
  2 fire dragons (Vaults:1)
  Erolcha (D:10)
  Josephine (D:11)
  18 hydras
  2 shambling mangroves (Swamp:2)
  9 two-headed ogres
  2 centaur warriors
  5 ogre magi
  2 death yaks
  9 alligators
  2 deep elf knights
  Sonja (Orc:1)
  12 spriggans
  A hell knight (D:13)
  2 spriggan druids (Swamp:3)
  A glowing orange brain (shapeshifter) (D:13)
  5 unseen horrors
  A death drake (shapeshifter) (D:15)
  12 swamp dragons
  2 glowing orange brains
  An orange crystal statue (Orc:2)
  3 wizards
  4 orc knights (Vaults:1)
  A deep elf archer (Vaults:1)
  An ironbrand convoker (Vaults:1)
  Pikel (D:8)
  A mana viper (shapeshifter) (D:15)
  9 deep elf magi
  2 harpies (Vaults:2)
  2 moths of wrath
  13 orb spiders
  9 orc sorcerers (Orc:2)
  15 ugly things
  An oklob plant (Lair:3)
  2 manticores
  24 wolf spiders
  A cyclops (D:15)
  Maurice (D:8)
  3 elephants (Lair:4)
  3 vault sentinels (Vaults:1)
  Joseph (D:7)
  A torpor snail (Spider:4)
  4 black mambas
  A rust devil (D:13)
  A gargoyle (D:14)
  15 spiny frogs
  An efreet (D:15)
  3 rime drakes
  8 yaktaurs
  7 demonic crawlers
  2 freezing wraiths (Vaults:1)
  10 komodo dragons
  3 kobold demonologists
  22 jumping spiders
  A queen bee (shapeshifter) (D:15)
  3 trolls
  5 polar bears
  A tengu simulacrum (Vaults:1)
  A blink frog (shapeshifter) (Vaults:2)
  20 hornets
  13 blink frogs
  6 tyrant leeches
  7 hippogriffs
  36 slime creatures
  A human simulacrum (Vaults:1)
  4 bog bodies
  7 dream sheep
  A hippogriff (shapeshifter) (D:15)
  Sigmund (D:2)
  3 shadows
  26 tarantellas
  5 wyverns
  77 redbacks
  7 hogs
  5 wraiths
  A vampire (D:11)
  31 yaks
  A basilisk (Lair:6)
  A human (D:7)
  A steam dragon (D:12)
  14 wargs
  2 hungry ghosts
  21 vampire mosquitoes
  2 chaos spawn
  A yaktaur simulacrum (Vaults:1)
  19 swamp worms
  2 acid dragons
  A soldier ant (D:14)
  13 water moccasins
  4 hell hounds (D:13)
  31 orc warriors
  4 porcupines
  7 swamp drakes
  6 black bears
  3 ice beasts
  5 sky beasts
  A necrophage (D:8)
  2 phantoms
  An eye of draining (D:9)
  22 ogres
  8 boggarts
  44 wolves
  12 centaurs
  15 crocodiles
  2 big kobolds
  16 bullfrogs
  A glowing shapeshifter simulacrum (Vaults:1)
  A wyvern skeleton (D:10)
  4 scorpions
  A water moccasin skeleton (D:7)
  5 killer bees
  4 howler monkeys
  21 wights
  An electric eel (Spider:4)
  4 centaur zombies
  8 crimson imps
  2 bullfrog zombies
  3 jellies
  3 hounds
  2 bullfrog skeletons (D:12)
  4 centaur skeletons
  14 orc priests
  Natasha (thrice) (D:3)
  Terence (D:2)
  An iguana (D:7)
  41 orc wizards
  7 worker ants
  3 big kobold zombies (Ossuary)
  4 mummies (Ossuary)
  2 hound skeletons
  A worker ant zombie (D:11)
  Robin (D:2)
  A howler monkey skeleton (D:9)
  6 gnolls
  12 adders
  2 shadow imps
  An ooze (D:3)
  An adder skeleton (D:6)
  3 worms
  7 leopard geckos
  101 orcs
  5 giant cockroaches
  15 goblins
  12 hobgoblins
  5 jackals
  14 kobolds
  7 quokkas
  A ball python (D:1)
  8 bats
  3 frilled lizards
  A jackal skeleton (D:4)
  2 leopard gecko zombies
  6 rats
  A briar patch (Swamp:4)
  A fungus (Lair:4)
1174 creatures vanquished.

Vanquished Creatures (collateral kills)
  Arachne (Spider:3)
  A ghost moth (Spider:4)
  2 emperor scorpions
  An orc warlord (Orc:2)
  An ironheart preserver (Vaults:1)
  A spark wasp (Spider:4)
  A hydra (Lair:6)
  A shambling mangrove (Swamp:3)
  An alligator (Swamp:1)
  5 two-headed ogres
  2 death yaks (Lair:6)
  A hell knight (D:13)
  A necromancer (D:13)
  2 orb spiders
  3 wolf spiders
  3 orc knights
  3 ugly things
  A black mamba (Lair:5)
  An elephant (Lair:4)
  2 spiny frogs
  A centaur skeleton (D:13)
  A spiny frog (shapeshifter) (D:15)
  A kobold demonologist (D:13)
  A demonic crawler (Spider:2)
  A troll (D:11)
  4 jumping spiders
  8 blink frogs (Lair:5)
  3 slime creatures
  4 dream sheep
  6 redbacks
  2 spriggans (Lair:6)
  7 yaks
  6 tarantellas
  A hog (D:12)
  A basilisk (Lair:6)
  A water moccasin (Lair:6)
  2 hell hounds (D:13)
  An orc warrior (Orc:1)
  A swamp drake (Swamp:4)
  An ogre (D:10)
  7 wolves
  A crocodile (Lair:5)
  3 big kobolds
  3 killer bees (D:11)
  A howler monkey (D:11)
  3 orc priests
  An orc wizard (Orc:1)
  A gnoll (D:10)
  3 orcs
  3 kobolds (D:13)
113 creatures vanquished.

Vanquished Creatures (others)
  An ironheart preserver (Vaults:2)
  A stone giant (Vaults:2)
  2 yaktaur captains
  A centaur warrior (Vaults:1)
  3 cyclopes
  4 yaktaurs
  A hornet (Swamp:2)
  A redback (Spider:4)
  A hungry ghost (D:8)
  A naga (shapeshifter) (Vaults:1)
  An orc warrior (Orc:2)
  A slave (D:8)
  3 centaurs
  An orc priest (D:8)
  2 orc wizards
  2 orcs
  2 kobolds (D:11)
  15 fungi
  17 plants
60 creatures vanquished.

Grand Total: 1347 creatures vanquished

Notes
Turn   | Place    | Note
-------+----------+-------------------------------------------
     0 | D:1      | Kagalorn the Human Air Elementalist began the quest for the
                  | Orb.
     0 | D:1      | Reached XP level 1. HP: 13/13 MP: 3/3
   286 | D:1      | Reached XP level 2. HP: 10/19 MP: 3/5
   677 | D:1      | Reached XP level 3. HP: 15/25 MP: 0/6
  1396 | D:2      | Noticed Terence
  1704 | D:2      | Noticed Robin
  1716 | D:3      | Found a snail-covered altar of Cheibriados.
  1766 | D:3      | HP: 1/25 [ooze (4)]
  2303 | D:3      | Noticed Natasha
  2543 | D:1      | Reached XP level 4. HP: 30/31 MP: 5/7
  2566 | D:2      | Noticed Sigmund
  2578 | D:1      | Reached skill level 1 in Fighting
  2627 | D:2      | Killed Terence
  2673 | D:2      | Found a faded altar of an unknown god.
  2705 | D:2      | Found a glowing golden altar of the Shining One.
  2744 | D:2      | Killed Robin
  2744 | D:2      | Reached XP level 5. HP: 37/37 MP: 0/9
  3207 | D:2      | Killed Sigmund
  3207 | D:2      | Reached XP level 6. HP: 11/44 MP: 1/11
  4069 | D:3      | Killed Natasha
  4269 | D:3      | Noticed Natasha
  4277 | D:3      | Killed Natasha
  4277 | D:3      | Reached XP level 7. HP: 41/49 MP: 4/12
  4426 | D:3      | Noticed Natasha
  4744 | D:3      | Killed Natasha
  4892 | D:4      | Found a blossoming altar of Fedhas.
  4893 | D:4      | Found a bloodstained altar of Trog.
  5006 | D:4      | Found a sand-covered staircase.
  5042 | Ossuary  | Entered an ossuary
  5252 | Ossuary  | Reached skill level 5 in Air Magic
  5738 | D:4      | Found a sacrificial altar of Ru.
  5960 | D:5      | Entered Level 5 of the Dungeon
  6024 | D:4      | Reached XP level 8. HP: 38/57 MP: 15/15
  6054 | D:5      | Found Ilaplijo's Assorted Antiques.
  6059 | D:5      | Bought a scroll labeled QISHEPU NEOCU for 31 gold pieces
  6059 | D:5      | Bought a murky puce potion for 27 gold pieces
  6059 | D:5      | Bought a scroll labeled TAOLIY KEUF for 31 gold pieces
  6178 | D:5      | Found Vuska's Jewellery Shoppe.
  6301 | D:5      | Found a stormy altar of Qazlal.
  6311 | D:5      | Became a worshipper of Qazlal Stormbringer
  6445 | D:5      | Reached skill level 5 in Spellcasting
  6465 | D:5      | Learned a level 2 spell: Swiftness
  6470 | D:5      | Learned a level 4 spell: Airstrike
  6622 | D:5      | Noticed a hornet
  6624 | D:5      | Killed a hornet
  6891 | D:6      | Reached skill level 5 in Conjurations
  6891 | D:6      | Reached XP level 9. HP: 62/64 MP: 15/17
  7080 | D:6      | Reached * piety under Qazlal
  7185 | D:6      | Found an opulent altar of Gozag.
  7459 | D:7      | Reached skill level 1 in Charms
  7498 | D:7      | Found an iron altar of Okawaru.
  7607 | D:7      | Found a sparkling altar of Nemelex Xobeh.
  7740 | D:7      | Found Gighuky's Armour Shop.
  7961 | D:7      | Found an ancient bone altar of Kikubaaqudgha.
  8076 | D:7      | Noticed Joseph
  8113 | D:7      | Found a staircase to the Ecumenical Temple.
  8122 | Temple   | Entered the Ecumenical Temple
  8213 | D:7      | Killed Joseph
  8213 | D:7      | Reached XP level 10. HP: 30/73 MP: 0/20
  8895 | D:8      | Noticed Pikel
  8899 | D:8      | Killed Pikel
  8899 | D:8      | Reached ** piety under Qazlal
  8899 | D:8      | Reached skill level 5 in Fighting
  8939 | D:8      | Found a staircase to the Lair.
  8983 | D:8      | Noticed Maurice
  9101 | D:8      | Reached skill level 1 in Invocations
  9221 | D:8      | Killed Maurice
  9309 | D:8      | Found a burning altar of Makhleb.
  9598 | D:8      | Found a hazy altar of Hepliaklqana.
  9738 | D:9      | Noticed a two-headed ogre
  9743 | D:9      | Killed a two-headed ogre
  9743 | D:9      | Reached XP level 11. HP: 79/79 MP: 10/24
 10211 | D:9      | Found an ornate altar of the Wu Jian Council.
 10267 | D:9      | Found a shimmering altar of Xom.
 10269 | D:9      | Noticed an angel
 10272 | D:9      | Found a glowing silver altar of Zin.
 10368 | D:9      | Learned a level 2 spell: Blink
 10372 | D:9      | Learned a level 3 spell: Mephitic Cloud
 10378 | D:9      | Learned a level 5 spell: Lightning Bolt
 10596 | D:10     | Entered Level 10 of the Dungeon
 10812 | D:10     | Reached *** piety under Qazlal
 11078 | D:9      | Noticed an unseen horror
 11082 | D:9      | Killed an unseen horror
 11082 | D:9      | Reached skill level 10 in Spellcasting
 11082 | D:9      | Reached skill level 1 in Translocations
 11123 | D:9      | Found a glowing silver altar of Zin.
 11145 | D:9      | Found a shimmering altar of Xom.
 11194 | D:9      | Found an ornate altar of the Wu Jian Council.
 11588 | D:10     | Noticed a two-headed ogre
 11706 | D:10     | Killed a two-headed ogre
 11881 | D:10     | Found a shimmering altar of Xom.
 11882 | D:10     | Found the +7 mace of Variability {chain chaos}
 12023 | D:10     | Reached skill level 10 in Air Magic
 12083 | D:10     | Noticed an unseen horror
 12087 | D:10     | Killed an unseen horror
 12340 | D:10     | Found a roughly hewn altar of Beogh.
 12391 | D:10     | Found a staircase to the Orcish Mines.
 12465 | D:10     | Reached **** piety under Qazlal
 12465 | D:10     | Reached XP level 12. HP: 84/86 MP: 13/26
 12766 | D:10     | Found Ereseck's Magic Scroll Emporium.
 12774 | D:10     | Bought a scroll of blinking for 105 gold pieces
 12774 | D:10     | Bought a scroll of teleportation for 42 gold pieces
 12774 | D:10     | Bought a scroll of amnesia for 49 gold pieces
 13004 | Lair:1   | Entered Level 1 of the Lair of Beasts
 14418 | Lair:1   | Noticed an eight-headed hydra
 14760 | Lair:1   | Killed an eight-headed hydra
 15136 | Lair:2   | Noticed a four-headed hydra
 15912 | Lair:1   | Reached XP level 13. HP: 86/93 MP: 18/28
 16158 | Lair:2   | Reached skill level 5 in Invocations
 16425 | Lair:2   | Killed a four-headed hydra
 17124 | Lair:3   | Reached skill level 1 in Poison Magic
 17132 | Lair:3   | Noticed a six-headed hydra
 17314 | Lair:3   | Killed a six-headed hydra
 17603 | Lair:3   | Noticed a six-headed hydra
 17610 | Lair:3   | Killed a six-headed hydra
 18713 | Lair:4   | Learned a level 3 spell: Conjure Flame
 18838 | Lair:4   | Found a staircase to the Swamp.
 19044 | Lair:4   | Learned a level 4 spell: Summon Lightning Spire
 19501 | Lair:4   | Found a hole to the Spider Nest.
 19625 | Lair:4   | Got a dazzling flail
 19805 | Lair:5   | Reached ***** piety under Qazlal
 19834 | Lair:5   | Reached skill level 1 in Fire Magic
 19844 | Lair:5   | Noticed a six-headed hydra
 20001 | Lair:4   | Reached skill level 1 in Staves
 20073 | Lair:5   | Reached skill level 1 in Summonings
 20548 | Lair:5   | Reached XP level 14. HP: 89/101 MP: 22/31
 21498 | Lair:6   | Entered Level 6 of the Lair of Beasts
 21541 | Lair:5   | Identified the +7 flail "Riepaj" {drain, +Rage Int+4} (You
                  | found it on level 4 of the Lair of Beasts)
 23213 | Lair:5   | Reached ****** piety under Qazlal
 24055 | Lair:6   | Found the brooch of Shielding {Reflect SH+8}
 24251 | Lair:6   | Found a staircase to the Slime Pits.
 24252 | Lair:6   | Found a viscous altar of Jiyva.
 24682 | D:11     | Noticed Josephine
 24689 | D:11     | Killed Josephine
 24689 | D:11     | Reached XP level 15. HP: 104/113 MP: 12/33
 24931 | D:11     | Found a shadowy altar of Dithmenos.
 25756 | D:12     | Identified the +1 long sword "Ozxaixur" {elec, MR++ Str+3}
 25968 | D:11     | Reached skill level 10 in Fighting
 26008 | D:12     | Noticed Kirke
 26217 | D:12     | Noticed a sphinx
 26219 | D:12     | Killed Kirke
 26219 | D:12     | Reached skill level 5 in Staves
 26257 | D:12     | Found a bloodstained altar of Trog.
 26257 | D:12     | Noticed walterwhite's ghost (journeyman MiBe)
 26907 | D:12     | Identified the +2 war axe of Disiuwk {holy, Stlth+}
 26921 | D:12     | Found a transporter.
 26923 | D:12     | Found a transporter.
 27225 | D:12     | You fall into a shaft and drop 1 floor!
 28447 | D:13     | Found a runed translucent door.
 28838 | D:13     | Noticed Nessos
 28842 | D:13     | Killed Nessos
 28853 | D:13     | Reached skill level 10 in Invocations
 29061 | D:13     | Identified the +9 short sword "Derigeob" {vorpal, *Corrode
                  | rC+ rN+ Stlth+}
 29217 | Orc:1    | Entered Level 1 of the Orcish Mines
 29217 | Orc:1    | Noticed Erolcha
 29323 | D:10     | Killed Erolcha
 29572 | Orc:1    | Noticed Sonja
 29576 | Orc:1    | Killed Sonja
 29851 | Orc:2    | Entered Level 2 of the Orcish Mines
 29891 | Orc:2    | Found a shimmering altar of Xom.
 29909 | Orc:2    | Noticed an orc warlord
 30136 | Orc:1    | Killed an orc warlord
 30536 | Orc:2    | Found a staircase to the Elven Halls.
 30555 | Orc:2    | Noticed an orc warlord
 30915 | Orc:1    | Reached XP level 16. HP: 122/122 MP: 34/34
 31401 | Orc:2    | Paralysed by an orc sorcerer for 6 turns
 32197 | Orc:2    | Found Pybuask's Distillery.
 32197 | Orc:2    | Found Poerikez's Magic Scroll Emporium.
 32203 | Orc:2    | Bought a scroll of teleportation for 48 gold pieces
 32203 | Orc:2    | Bought a scroll of blinking for 120 gold pieces
 32400 | Orc:2    | Found a gateway to a bazaar.
 32616 | Orc:2    | Found a roughly hewn altar of Beogh.
 32630 | Orc:2    | Found Henarch's Book Shop.
 32630 | Orc:2    | Found Wuike's Magic Scroll Emporium.
 32644 | Orc:2    | Bought a scroll of fear for 45 gold pieces
 32644 | Orc:2    | Bought a scroll of acquirement for 676 gold pieces
 32644 | Orc:2    | Bought a scroll of teleportation for 39 gold pieces
 32644 | Orc:2    | Identified the Papyrus of Incorporation (You acquired it on
                  | level 2 of the Orcish Mines)
 33471 | Orc:2    | Learned a level 6 spell: Freezing Cloud
 33612 | D:13     | Learned a level 5 spell: Summon Mana Viper
 33824 | D:14     | Reached skill level 1 in Ice Magic
 33884 | D:14     | HP: 5/122 [vampire mosquito (8)]
 33901 | D:13     | Reached skill level 1 in Shields
 34964 | D:14     | Found a gate to the Vaults.
 35206 | D:15     | Entered Level 15 of the Dungeon
 36082 | D:15     | Reached skill level 10 in Staves
 36082 | D:15     | Reached skill level 5 in Shields
 36278 | D:15     | Found a staircase to the Depths.
 36710 | D:7      | Bought a scarf of resistance for 384 gold pieces
 36879 | Bazaar   | Entered a bazaar
 36880 | Bazaar   | Found Reiloaqu's General Store.
 36889 | Bazaar   | Found Fekhies's Book Boutique.
 36901 | Bazaar   | Found Cenkecor's Antique Armour Boutique.
 36913 | Bazaar   | Found Ugrauh's Food Boutique.
 36929 | Bazaar   | Bought a steaming robe for 142 gold pieces
 36940 | Bazaar   | Identified the cursed +1 robe "Nolacug" {Regen+ Dex-2
                  | Slay+5 Stlth+} (You bought it in a shop in a bazaar)
 36954 | Bazaar   | Bought the Incunabulum of Clay and Air for 573 gold pieces
 36976 | Bazaar   | Bought a glowing large shield for 187 gold pieces
 37186 | Swamp:1  | Entered Level 1 of the Swamp
 37639 | Swamp:1  | Upgraded the game from 0.25-a0-420-g1cc7eeb0d1 to
                  | 0.25-a0-424-g80bd347ae0
 38570 | Swamp:2  | Reached XP level 17. HP: 128/128 MP: 9/35
 39037 | Swamp:2  | Got a sparkling copper ring
 39039 | Swamp:2  | Identified the ring of Nibb {rF- rC+ MP+9 Slay+5} (You
                  | found it on level 2 of the Swamp)
 39530 | Swamp:3  | Noticed Jorgrun
 39551 | Swamp:3  | Killed Jorgrun
 39915 | Swamp:3  | Reached skill level 10 in Shields
 40323 | Swamp:4  | Entered Level 4 of the Swamp
 40369 | Swamp:4  | Noticed a thorn hunter
 40387 | Swamp:4  | Killed a thorn hunter
 40857 | Swamp:4  | Noticed a thorn hunter
 40864 | Swamp:4  | Killed a thorn hunter
 42202 | Swamp:4  | Got a decaying rune of Zot
 42844 | D:13     | Learned a level 6 spell: Statue Form
 43155 | Spider:1 | Entered Level 1 of the Spider Nest
 43298 | Spider:1 | Identified the cursed +1 flail of Proximity {flame, *Contam
                  | rN+++ Str+3 Dex+3} (You found it on level 1 of the Spider
                  | Nest)
 43625 | Spider:1 | Reached skill level 1 in Armour
 43956 | Spider:1 | Reached XP level 18. HP: 134/134 MP: 28/36
 44097 | Spider:1 | Reached skill level 1 in Hexes
 44268 | Spider:1 | Reached skill level 1 in Transmutations
 44275 | Spider:1 | Reached skill level 1 in Earth Magic
 48400 | Spider:4 | Entered Level 4 of the Spider Nest
 48401 | Spider:4 | Noticed Arachne
 48416 | Spider:4 | Reached skill level 5 in Dodging
 48550 | Spider:3 | Killed Arachne
 49435 | Spider:4 | Noticed Aizul
 49441 | Spider:3 | Killed Aizul
 51219 | Spider:4 | Reached XP level 19. HP: 140/140 MP: 20/37
 52985 | Spider:4 | Got a gossamer rune of Zot
 53367 | Vaults:1 | Entered Level 1 of the Vaults
 53617 | Vaults:1 | Reached skill level 5 in Ice Magic
 55913 | Vaults:2 | Noticed Mennas
 55956 | Vaults:2 | Slain by a vault warden

Levels and vault maps discovered:
D:1:      dpeg_arrival_leaves_temple_mockup, layout_loops_corners
D:2:      layout_rooms, nicolae_tso_swordbearing_angel,
          chequers_ecumenical_altar_simple, first_ration,
          kennysheep_generic_room_13, uniq_sigmund, uniq_terence, uniq_robin
D:3:      layout_rooms, nicolae_overflow_crystal_walls, serial_forest,
          infiniplex_forest_lined_room_2, infiniplex_forest_lined_1,
          infiniplex_forest_pool, infiniplex_forest_lined_ring,
          infiniplex_forest_clump_medium, infiniplex_forest_lined_ring,
          infiniplex_forest_clump_medium, infiniplex_forest_clump_medium,
          infiniplex_forest_lined_corner, uniq_natasha
D:4:      layout_cave_pools, nicolae_ru_the_path_less_chosen,
          gammafunk_temple_overflow_statue, nicolae_ossuary_entry_plus
D:5:      layout_loops_ring, overflow_temple_1_default, serial_shops, shop,
          nicolae_shop_stone
D:6:      layout_gridville, lemuel_crystal_altar
D:7:      layout_basic, old_standard_altar, nemelex_xobeh_ov_fountains_minmay,
          okawaru_gym_becter, temple_hall, serial_shops, shop, grunt_livestock,
          dk_noncrumbling_2, minivault_4, uniq_joseph
D:8:      layout_loops_ring, lemuel_coloured_pillars_altar,
          kennysheep_mini_moat, lair_entry_dummy, uniq_pikel, uniq_maurice
D:9:      layout_cave_pools, grunt_temple_overflow_order_and_chaos_1,
          lemuel_doored_altar
D:10:     layout_cave_pools, david_orc_5, serial_shops, shop,
          minmay_guarded_unrand_variability
D:11:     layout_roguey, grunt_dithmenos_smoke, uniq_josephine
D:12:     layout_loops_corners, gammafunk_ghost_wrathful_warriors,
          kennysheep_generic_room_10, uniq_kirke
D:13:     mludivico_vault, layout_grid_maze, uniq_nessos
D:14:     layout_loops_ring, skrybe_vaults_entry_preservation, chequers_garden
D:15:     gammafunk_enter_depths_forms, layout_long_grid, minmay_misc_feat_tower
Temple:   corrupted_temple
Lair:1:   layout_regular_city, minmay_shattered_shrine, lemuel_fruit_tree,
          grunt_megastairs_1
Lair:2:   layout_long_grid
Lair:3:   layout_cave_pods, grunt_megastairs_3
Lair:4:   layout_misc_corridors, swamp_mist, nicolae_spider_entry_orb_guardian
Lair:5:   layout_hall_layers, serial_bayou_pond_e, grunt_forest_large_clearings
Lair:6:   minmay_lair_end_enchanted_forest, layout_misc_corridors,
          slime_altar_1, minivault_23
Swamp:1:  layout_basic_swamp, evilmike_swamp_ruin_house_4
Swamp:2:  layout_falls_marsh, infiniplex_staircase_pool, swamp_pool1
Swamp:3:  layout_falls_marsh, nicolae_swamp_trees_clearing, swamp_pool3,
          uniq_jorgrun
Swamp:4:  swamp_alternative, layout_basic_swamp, grunt_lady_of_the_lake
Spider:1: layout_chambers
Spider:2: cheibrodos_spider_silkery, nicolae_spider_stair_cavern
Spider:3: layout_chambers
Spider:4: spider_rune_water, uniq_aizul, uniq_arachne
Orc:1:    layout_caves, nicolae_orc_damp_corner, uniq_sonja, uniq_erolcha
Orc:2:    st_orc_town, layout_diamond_mine, serial_shops, statue_bzr,
          basic_altar, mines4_lemuel
Vaults:1: vaults_dpeg_cross, nicolae_vaults_network_quinsquares
          [nicolae_vaults_network_quincunx_subvault,
          nicolae_vaults_network_quincunx_subvault,
          nicolae_vaults_network_quincunx_subvault,
          nicolae_vaults_network_quincunx_subvault],
          nicolae_vaults_twisting_passages, v_rooms_2, hangedman_vaults_trim,
          nicolae_vaults_diagonal_hallway_7, vaults_room_grunt_arrival_ludios,
          ontoclasm_vaults_decontamination, ontoclasm_vaults_fault,
          dpeg_vaults_monster_box, layout_vaults_omnicross
Vaults:2: st_lines, vaults_mumra_hexcomb, grunt_vaults_hallway_short, v_rooms_5,
          grunt_vaults_trifunnel, layout_vaults_chaotic_city, uniq_mennas

Skill      XL: |  1  2  3  4  5  6  7  8  9 10 11 12 13 14 15 16 17 18 19 |
---------------+----------------------------------------------------------+-----
Fighting       | 1 2 3 4 5 6 9 10 | 10.0
Conjurations   | 2 3 4 5 6 7 8 |  8.0
Air Magic      | 4 5 6 7 8 10 11 12 | 12.0
Spellcasting   | 3 4 5 7 9 10 11 13 14 | 14.0
Charms         | 2 3 |  3.0
Invocations    | 1 3 4 6 7 10 11 12 | 12.0
Translocations | 2 3 |  3.0
Poison Magic   | 2 3 |  3.0
Fire Magic     | 1 3 |  3.0
Staves         | 1 4 8 10 11 | 11.0
Summonings     | 1 3 |  3.0
Ice Magic      | 3 4 5 |  5.7
Shields        | 7 12 13 14 | 14.3
Armour         | 1 3 4 |  4.8
Hexes          | 3 4 |  4.6
Transmutations | 3 4 |  4.7
Earth Magic    | 3 4 |  4.5
Dodging        | 6 8 |  8.4
Stealth        | |  2.0

Action                   |  1- 3 |  4- 6 |  7- 9 | 10-12 | 13-15 | 16-18 | 19-21 || total
-------------------------+-------+-------+-------+-------+-------+-------+-------++-------
Melee: Dagger            |    19 |    17 |       |       |       |       |       ||    36
       Rapier            |       |       |    16 |       |       |       |       ||    16
       Staff             |       |       |    25 |    20 |     5 |       |       ||    50
       Lajatang          |       |       |       |       |    59 |       |       ||    59
       Short sword       |       |       |       |       |     8 |       |       ||     8
       Flail             |       |       |       |       |   326 |   753 |   303 ||  1382
       Unarmed           |       |       |       |       |     1 |       |       ||     1
Throw: Stone             |     1 |       |       |       |       |       |       ||     1
       Dart              |       |    12 |     9 |     3 |       |       |       ||    24
 Cast: Shock             |    84 |    80 |   192 |   432 |   691 |   166 |     5 ||  1650
       Airstrike         |       |       |    17 |   131 |   244 |   434 |   124 ||   950
       Lightning Bolt    |       |       |       |    18 |    34 |    25 |     7 ||    84
       Blink             |       |       |       |     2 |     9 |    14 |     1 ||    26
       Swiftness         |       |       |       |     1 |     1 |       |       ||     2
       Summon Lightning  |       |       |       |       |    41 |    47 |    11 ||    99
       Conjure Flame     |       |       |       |       |     3 |       |       ||     3
       Freezing Cloud    |       |       |       |       |       |     9 |    12 ||    21
       Summon Mana Viper |       |       |       |       |       |     5 |     3 ||     8
Invok: Disaster Area     |       |       |       |       |     1 |     2 |       ||     3
 Abil: Evoke Berserk Rag |       |       |       |       |       |     1 |       ||     1
Evoke: Wand              |       |       |     1 |       |       |       |       ||     1
  Use: Potion            |     1 |       |     5 |     1 |     2 |     9 |       ||    18
       Scroll            |       |       |    15 |    11 |     7 |    19 |     6 ||    58
 Stab: Sleeping          |       |     2 |     1 |       |       |       |       ||     3
       Distracted        |       |       |       |       |     1 |     5 |     3 ||     9
  Eat: Chunk             |     4 |     2 |     8 |    27 |    34 |    11 |     4 ||    90
       Ration            |     1 |     1 |     2 |     2 |     5 |    17 |     4 ||    32
Armor: Robe              |     7 |    10 |    36 |    55 |   253 |   316 |    36 ||   713
       Skin              |       |       |    29 |       |       |       |       ||    29
       Steam dragon scal |       |       |       |       |    53 |    21 |       ||    74
Dodge: Dodged            |    53 |    29 |   107 |   151 |   563 |   490 |   124 ||  1517
       Deflected         |       |       |       |       |    19 |    10 |     8 ||    37
Block: Other             |       |       |     1 |    37 |   700 |   163 |       ||   901
       Reflection        |       |       |       |       |    32 |    29 |    65 ||   126
       Buckler           |       |       |       |       |       |  1104 |   459 ||  1563
       Large shield      |       |       |       |       |       |    22 |       ||    22

Table legend:
 A = Non-vault XP
 B = Vault XP
 C = Vault XP percentage of total XP
 D = Non-vault monster count
 E = Vault monster count
 F = Vault count percentage of total count
                 A         B        C        D         E       F
            +---------+---------+-------+---------+---------+-------
      Total |  205972 |  128576 |  38.4 |     918 |     386 |  29.6
            +---------+---------+-------+---------+---------+-------
        D:1 |      49 |       6 |  10.9 |      24 |       3 |  11.1
        D:2 |      11 |     308 |  96.6 |       7 |      12 |  63.2
        D:3 |     163 |      36 |  18.1 |      25 |       1 |   3.8
        D:4 |     199 |       0 |   0.0 |       9 |       0 |   0.0
        D:5 |     629 |       0 |   0.0 |      10 |       0 |   0.0
        D:6 |     789 |       0 |   0.0 |      17 |       0 |   0.0
        D:7 |    1368 |    1422 |  51.0 |      31 |       6 |  16.2
        D:8 |    1373 |    1079 |  44.0 |      20 |       2 |   9.1
        D:9 |    3650 |     578 |  13.7 |      26 |       5 |  16.1
       D:10 |    3988 |    2248 |  36.0 |      35 |      22 |  38.6
       D:11 |    4985 |    1806 |  26.6 |      42 |       5 |  10.6
       D:12 |    9119 |    2578 |  22.0 |      38 |       5 |  11.6
       D:13 |    5595 |    4094 |  42.3 |      39 |      11 |  22.0
       D:14 |    2177 |    7842 |  78.3 |       9 |      14 |  60.9
       D:15 |   10321 |    3683 |  26.3 |      37 |       8 |  17.8
     Lair:1 |    6311 |    3536 |  35.9 |      27 |      10 |  27.0
     Lair:2 |    5629 |       0 |   0.0 |      23 |       0 |   0.0
     Lair:3 |    4080 |     490 |  10.7 |       8 |       2 |  20.0
     Lair:4 |    6521 |    2041 |  23.8 |      30 |      14 |  31.8
     Lair:5 |    9562 |    3538 |  27.0 |      44 |      27 |  38.0
     Lair:6 |    8396 |    7340 |  46.6 |      27 |      36 |  57.1
    Swamp:1 |    9418 |       0 |   0.0 |      27 |       0 |   0.0
    Swamp:2 |   10349 |       0 |   0.0 |      27 |       0 |   0.0
    Swamp:3 |   11256 |    7412 |  39.7 |      28 |       7 |  20.0
    Swamp:4 |    8132 |    9170 |  53.0 |      14 |      16 |  53.3
   Spider:1 |   12377 |       0 |   0.0 |      46 |       0 |   0.0
   Spider:2 |    8308 |    5788 |  41.1 |      24 |      12 |  33.3
   Spider:3 |   20246 |    3799 |  15.8 |      57 |       2 |   3.4
   Spider:4 |   10532 |   20612 |  66.2 |      25 |      44 |  63.8
      Orc:1 |    5710 |    1319 |  18.8 |      37 |      12 |  24.5
      Orc:2 |    4245 |    7578 |  64.1 |      44 |      55 |  55.6
   Vaults:1 |   17240 |   23022 |  57.2 |      51 |      36 |  41.4
   Vaults:2 |    3244 |    6956 |  68.2 |      10 |       9 |  47.4
    Ossuary |       0 |     295 | 100.0 |       0 |      10 | 100.0
            +---------+---------+-------+---------+---------+-------
